 Dungeon Crawl Stone Soup version 0.29-a0-824-gd827844252 (webtiles) character file.

Game seed: 3888273750199539916

227 dolemite99 the Chopper (level 6, -2/48 HPs)
             Began as a Hill Orc Transmuter on July 9, 2022.
             Was an Initiate of Beogh.
             Slain by an orc priest
             ... wielding a +0 flail
              (7 damage)
             ... on level 4 of the Dungeon.
             The game lasted 00:04:19 (3414 turns).

dolemite99 the Chopper (Hill Orc Transmuter)        Turns: 3414, Time: 00:04:20

Health: -2/48      AC: 12    Str: 15    XL:     6   Next: 2%
Magic:  8/8        EV:  6    Int: 13    God:    Beogh [......]
Gold:   243        SH:  0    Dex: 11    Spells: 7/8 levels left

rFire   + . .      SeeInvis +   d - +0 hand axe
rCold   + . .      Faith    +   (no shield)
rNeg    . . .      Spirit   .   v - +1 chain mail
rPois   .          Reflect  .   (no helmet)
rElec   .          Harm     +   h - scarf {harm}
rCorr   .          Rampage  .   k - +2 pair of gloves
Will    .....                   (no boots)
Stlth   ..........              y - amulet "Neth" {Faith rC+}
HPRegen 0.16/turn               e - ring of see invisible
MPRegen 0.11/turn               s - ring of protection from fire

@: flying
A: no striking features
a: Renounce Religion


You were on level 4 of the Dungeon.
You worshipped Beogh.
Beogh was noncommittal.
You visited 1 branch of the dungeon, and saw 4 of its levels.

You collected 243 gold pieces.

Inventory:

Hand Weapons
 d - a +0 hand axe (weapon)
Missiles
 j - 4 boomerangs
Armour
 h - a scarf of harm (worn)
 k - a +2 pair of gloves (worn)
 v - a +1 chain mail (worn)
Jewellery
 e - a ring of see invisible (left hand)
 s - a ring of protection from fire (right hand)
 x - a ring of resist corrosion
 y - the amulet "Neth" (around neck) {Faith rC+}
   (You found it on level 3 of the Dungeon)

   [amulet of faith]

   It allows you to gain divine favour quickly.
   rC:        It protects you from cold.
Scrolls
 t - 3 scrolls of identify {@r1}
 u - a scroll of poison {unknown}
 w - a scroll of enchant weapon {unknown}
Potions
 m - a potion of flight
 p - a potion of attraction {unknown}
 q - a potion of invisibility {unknown}
 r - a potion of ambrosia {unknown}


   Skills:
 - Level 2.0 Fighting
 + Level 7.1 Axes
 - Level 1.5 Dodging
 - Level 3.2 Unarmed Combat
 - Level 1.5 Spellcasting
 - Level 1.3 Transmutations


You had 7 spell levels left.
You knew the following spells:

 Your Spells              Type           Power      Damage    Failure   Level
a - Beastly Appendage     Tmut           8%         N/A       98%         1

Your spell library contained the following spells:

 Spells                   Type           Power      Damage    Failure   Level
 Wereblood                Tmut           4%         N/A       99%         2
 Magic Dart               Conj           4%         1d3       100%        1
 Searing Ray              Conj           2%         2d4       100%        2
 Spider Form              Tmut/Pois      2%         N/A       100%        3
 Fulminant Prism          Conj/Hex       0%         3d6       100%        4
 Ice Form                 Ice/Tmut       2%         N/A       100%        4


Dungeon Overview and Level Annotations

Branches:
Dungeon (4/15)             Temple (0/1) D:4

Altars:
Xom


Message History

The orc hits you but does no damage.
You hit the orc priest but do no damage.
Your punch misses the orc priest. You hit the orc. x2
The orc hits you but does no damage.
The orc priest hits you with a +0 flail.
The orc hits you but does no damage.
You hit the orc priest.
The orc priest is lightly wounded.
You hit the orc. x2; You barely miss the orc.
The orc closely misses you.
The orc priest hits you with a +0 flail!
The orc hits you but does no damage. x2
You hit the orc priest.
The orc priest is heavily wounded.
You hit the orc but do no damage. You hit the orc.
You kill the orc!
Beogh accepts your kill.
You barely miss the orc. The orc hits you with a +0 hand axe.
The orc hits you but does no damage.
The orc priest hits you but does no damage.
You hit the orc priest but do no damage.
The orc priest is heavily wounded.
You hit the orc. You barely miss the orc.
The orc hits you but does no damage. x2
The orc priest mumbles some strange prayers to Beogh against you.
Beogh smites you!
* * * LOW HITPOINT WARNING * * *
You closely miss the orc priest.
The orc priest is heavily wounded.
You barely miss the orc. You closely miss the orc.
The orc hits you with a +0 dagger.
* * * LOW HITPOINT WARNING * * *
The orc priest hits you with a +0 flail.
* * * LOW HITPOINT WARNING * * *
The orc barely misses you.
It was a potion of flight.
You feel very buoyant.
You fly up into the air.
The orc hits you but does no damage. The orc barely misses you.
The orc priest hits you with a +0 flail.
You die...
Beogh appreciates the orc priest's killing of a heretic priest.

.......
..........#.#
[.≈.. .......
..........#.#
..≈.⌠ .....#
........###.#
.≈..≈ .....#
.........##.#
.≈..≈ .....#
#####.......#
..≈≈. .....#
#.......# .....
.....# #......^#
..... .....#
###o......# .....
.⌠...#
#.@)......# .....
.....#
#o#o......# ####.
.>.⌠.#
......h.......#
#. ..
..............#
#.
................#
#.
............#..##
#.
........###.#..#
#. .......< .# >#
#. ...... ## # #.


You could see a hound, an orc priest and 2 orcs.

Vanquished Creatures
  A scorpion (D:4)
  An iguana (D:4)
  4 gnolls (D:4)
  An ufetubus (D:4)
  4 worms
  3 dart slugs
  2 orcs
  9 ball pythons
  7 endoplasms
  5 giant cockroaches
  10 goblins
  6 hobgoblins
  3 jackals (D:1)
  7 kobolds
  5 bats
  4 frilled lizards
  3 rats
75 creatures vanquished.

Vanquished Creatures (others)
  An orc (D:3)
1 creature vanquished.

Grand Total: 76 creatures vanquished

Notes
Turn   | Place    | Note
-------+----------+-------------------------------------------
     0 | D:1      | dolemite99 the Hill Orc Transmuter began the quest for the
                  | Orb.
     0 | D:1      | Reached XP level 1. HP: 16/16 MP: 3/3
   416 | D:1      | Found a faded altar of an unknown god.
   426 | D:1      | Prayed at the altar of an unknown god.
   426 | D:1      | Became a worshipper of Xom of Chaos
   432 | D:1      | Reached skill level 1 in Axes
   432 | D:1      | Reached XP level 2. HP: 22/24 MP: 4/4
   526 | D:1      | Reached skill level 2 in Axes
   620 | D:1      | XOM: silly message
   629 | D:1      | XOM: silly message
   763 | D:1      | XOM: silly message
   811 | D:1      | XOM: silly message
   818 | D:1      | Reached XP level 3. HP: 22/29 MP: 5/5
   894 | D:1      | Reached skill level 3 in Axes
  1083 | D:1      | XOM: silly message
  1253 | D:1      | XOM: divination: detect creatures
  1578 | D:2      | Reached skill level 4 in Axes
  1810 | D:2      | XOM: silly message
  1838 | D:2      | Reached XP level 4. HP: 34/36 MP: 6/6
  2129 | D:3      | XOM: divination: detect items
  2471 | D:3      | XOM: cloud trail
  2505 | D:3      | Identified the amulet "Neth" {Faith rC+}
  2616 | D:3      | XOM: noise
  2654 | D:3      | XOM: silly message
  2660 | D:3      | Fell from the grace of Xom
  2660 | D:3      | Became a worshipper of Beogh the Brigand
  3020 | D:4      | Reached skill level 5 in Axes
  3027 | D:4      | Reached XP level 5. HP: 4/41 MP: 7/7
  3134 | D:4      | Found a staircase to the Ecumenical Temple.
  3134 | D:4      | XOM: 3-stop teleportation journey
  3194 | D:4      | Reached skill level 6 in Axes
  3269 | D:4      | Reached skill level 7 in Axes
  3273 | D:4      | Reached XP level 6. HP: 37/48 MP: 8/8
  3414 | D:4      | Slain by an orc priest

Illustrated notes

Levels and vault maps discovered:
D:1:      minmay_arrival_open_corners, layout_basic, basic_ecumenical_altar,
          dk_noncrumbling_4, minmay_misc_feat_roman, chequers_avenue
D:2:      layout_rooms, minivault_4
D:3:      layout_basic
D:4:      cheibrodos_helix_gallery, layout_basic, temple_fountains

Skill      XL: |  1  2  3  4  5 |
---------------+----------------+-----
Fighting       | 2 |  2.0
Axes           | 1 2 4 5 7 |  7.1
Dodging        | |  1.5
Unarmed Combat | |  3.2
Spellcasting   | |  1.5
Transmutations | |  1.3

Action                   |  1- 3 |  4- 6 || total
-------------------------+-------+-------++-------
Melee: Unarmed           |    10 |       ||    10
       Hand axe          |   117 |   141 ||   258
       Punch             |     3 |     2 ||     5
Throw: Boomerang         |       |     1 ||     1
Invok: Convert to Beogh  |       |     1 ||     1
  Use: Scroll            |       |     7 ||     7
       Potion            |       |     8 ||     8
 Stab: Sleeping          |     1 |       ||     1
Armor: Robe              |    23 |       ||    23
       Chain mail        |       |   117 ||   117
       Scale mail        |       |     1 ||     1
       Skin              |       |    49 ||    49
Dodge: Dodged            |    99 |    61 ||   160

Table legend: (Time is in decaauts)
 A = Elapsed time spent in this place.
 B = Non-inter-level travel time spent in this place.
 C = Inter-level travel time spent in this place.
 D = Time resting spent in this place.
 E = Time spent auto-exploring this place.
 F = Levels seen in this place.
 G = Mean time per level.
                   A        B        C        D        E       F      G
               +--------+--------+--------+--------+--------+-----+--------+
         Total |   3435 |   3354 |     81 |    884 |   1676 |   4 |  858.8 |
       Dungeon |   3435 |   3354 |     81 |    884 |   1676 |   4 |  858.8 |
               +--------+--------+--------+--------+--------+-----+--------+

Top non-repeatable levels by time:
     D:1: 1490 daAuts
     D:3: 884 daAuts
     D:2: 559 daAuts
     D:4: 500 daAuts
